 Dungeon Crawl Stone Soup version 0.31-a0-222-gefeffbb62a (webtiles) character file.

Game seed: 2000276153224583865

247 qw the Shooter (level 5, 0/45 HPs)
             Began as a Minotaur Hexslinger on July 4, 2023.
             Was an Initiate of Okawaru.
             Slain by a gnoll sergeant
             ... wielding a +3 heavy spear
              (8 damage)
             ... on level 3 of the Dungeon.
             The game lasted 00:01:03 (2007 turns).

qw the Shooter (Minotaur Hexslinger)                Turns: 2007, Time: 00:01:04

Health: 0/45       AC:  6    Str: 13    XL:     5   Next: 85%
Magic:  5/5        EV: 11    Int: 10    God:    Okawaru [......]
Gold:   107        SH:  0    Dex: 14    Spells: 5/6 levels left

rFire   . . .        Y - +1 sling
rCold   . . .        (no shield)
rNeg    . . .        b - +0 ring mail
rPois   .            (helmet restricted)
rElec   .            g - +0 cloak
rCorr   .            (no gloves)
SInv    .            (no boots)
Will    .....        (no amulet)
Stlth   +            (no ring)
HPRegen 0.27/turn    (no ring)
MPRegen 0.09/turn

%: no passive effects
@: about to teleport
A: horns 2, retaliatory headbutt
a: Renounce Religion


You were on level 3 of the Dungeon.
You worshipped Okawaru.
Okawaru was noncommittal.
You visited 1 branch of the dungeon, and saw 3 of its levels.

You collected 107 gold pieces.


Innate Abilities, Weirdness & Mutations

You have a pair of horns on your head.
You reflexively headbutt those who attack you in melee.


   Skills:
 + Level 3.0 Fighting
 - Level 6.0 Ranged Weapons
 - Level 1.7 Armour
 - Level 2.1 Dodging
 - Level 1.0 Spellcasting
 - Level 2.0 Hexes


You had 5 spell levels left.
You knew the following spells:

 Your Spells              Type           Power      Damage    Failure   Level
a - Slow                  Hex            16%        N/A       32%         1

Your spell library contained the following spells:

 Spells                   Type           Power      Damage    Failure   Level
 Inner Flame              Hex/Fire       2%         N/A       82%         3
 Portal Projectile        Hex/Tloc       4%         N/A       82%         3
 Cause Fear               Hex            2%         N/A       97%         4

Inventory:

Hand Weapons
 Y - a +1 sling (weapon)
Armour
 b - a +0 ring mail (worn)
 g - a +0 cloak (worn)
Jewellery
 d - a ring of ice
 h - a ring of ice
Potions
 a - a potion of curing {unknown}
 e - a potion of might {unknown}
 f - a potion of berserk rage {unknown}
 i - a potion of cancellation
 j - a potion of ambrosia {unknown}
 k - a potion of invisibility {unknown}
 l - a potion of degeneration {unknown}
 m - a potion of mutation {unknown}
 n - a potion of magic {unknown}

Dungeon Overview and Level Annotations

Branches:
Dungeon (3/15)

Altars:
Elyvilon
Fedhas
Gozag
Hepliaklqana
Okawaru
Vehumet


Message History

The sling bullet hits the gnoll sergeant but does no damage.
The gnoll sergeant hits you from afar with a +3 heavy spear.
The adder barely misses you.
You shoot a sling bullet. The sling bullet hits the adder.
The adder is moderately wounded.
The ball python barely misses you. The ball python grabs you.
The ball python constricts you.
The gnoll sergeant hits you from afar with a +3 heavy spear!
The adder completely misses you.
The ball python bites you but does no damage.
The ball python constricts you.
You shoot a sling bullet. The sling bullet hits the ball python.
You kill the ball python!
Okawaru accepts your kill.
The bat hits you but does no damage. x2; The adder closely misses you.
The gnoll sergeant hits you from afar with a +3 heavy spear!
The adder bites you.
You shoot a sling bullet.
The sling bullet closely misses the adder.
The bat completely misses you. The adder closely misses you.
You furiously retaliate!
You headbutt the adder.
The gnoll sergeant hits you from afar with a +3 heavy spear.
You shoot a sling bullet.
The sling bullet barely misses the adder.
The bat barely misses you. The adder closely misses you.
The bat hits you but does no damage. The adder bites you but does no damage.
You shoot a sling bullet. The sling bullet hits the adder.
The adder is almost dead.
The bat hits you but does no damage.
The gnoll sergeant hits you from afar with a +3 heavy spear.
The adder bites you. The bat barely misses you.
2007 ||| READING scroll of teleportation.
As you read the scroll of teleportation, it crumbles to dust.
You feel strangely unstable. The bat hits you but does no damage.
The adder misses you. You furiously retaliate!
You headbutt the adder!
You kill the adder!
Okawaru accepts your kill.
The gnoll sergeant hits you from afar with a +3 heavy spear!
You die...

# #####.#.#.# #
#<..#.# # #...#.# #
##...#.# # #....#.#
# .#.#..#.# #
######## .##.#..#.#
#
#..##.%#..##.#..#.#
#
+.....@'g.##.#....#
#
##8..8##b.##.##.###
# ##..## ..#....# #
#..# .##.### # #..#
#####.# #
#%.####.....#
#..#....#####
#'##.#### #....#


You could see a gnoll sergeant and a bat.

Vanquished Creatures
  A jelly (D:3)
  An orc priest (D:3)
  Jessica (D:2)
  3 gnolls (D:2)
  4 adders
  A worm (D:2)
  2 dart slugs
  9 orcs (D:3)
  5 endoplasms
  5 giant cockroaches
  10 goblins
  4 hobgoblins
  4 jackals
  2 quokkas
  7 ball pythons
  7 bats
  19 frilled lizards
  3 kobolds
  9 rats
97 creatures vanquished.

Notes
Turn   | Place    | Note
-------+----------+-------------------------------------------
     0 | D:1      | qw the Minotaur Hexslinger began the quest for the Orb.
     0 | D:1      | Reached XP level 1. HP: 16/16 MP: 1/1
     0 | D:1      | 0 ||| qw: Version: 0.3-a-46-gb1f654a
     0 | D:1      | 0 ||| qw: Game counter: 869
     0 | D:1      | 0 ||| qw: Melee chars always use a shield: true
     0 | D:1      | 0 ||| qw: God list: Okawaru
     0 | D:1      | 0 ||| qw: Allow faded altars: false
     0 | D:1      | 0 ||| qw: Do Orc after clearing Dungeon:15 true
     0 | D:1      | 0 ||| qw: Do second Lair branch before Depths: true
     0 | D:1      | 0 ||| qw: Lair rune preference: random
     0 | D:1      | 0 ||| qw: Goals: Normal
     0 | D:1      | 0 ||| PLANNING D:1-11
    83 | D:1      | Reached skill level 3 in Ranged Weapons
    89 | D:1      | Reached XP level 2. HP: 19/23 MP: 2/2
   291 | D:1      | Reached XP level 3. HP: 29/29 MP: 3/3
   337 | D:1      | Found a faded altar of an unknown god.
   368 | D:1      | 368 ||| UPGRADING to +0 leather armour.
   378 | D:1      | 378 ||| DROPPING +0 robe.
   379 | D:1      | 379 ||| UPGRADING to +0 cloak.
   384 | D:1      | 384 ||| READING scroll labelled YGIESU CIJAPLO.
   385 | D:1      | 385 ||| DROPPING scroll of poison.
   592 | D:2      | Noticed Jessica
   595 | D:2      | Killed Jessica
   596 | D:2      | Reached skill level 4 in Ranged Weapons
   704 | D:2      | Found a blossoming altar of Fedhas.
   764 | D:2      | Reached XP level 4. HP: 36/36 MP: 4/4
  1110 | D:2      | Reached skill level 5 in Ranged Weapons
  1325 | D:2      | Reached skill level 3 in Fighting
  1406 | D:2      | 1406 ||| UPGRADING to +0 ring mail.
  1416 | D:2      | 1416 ||| DROPPING +0 leather armour.
  1417 | D:2      | 1417 ||| DROPPING ring of magical power.
  1418 | D:2      | 1418 ||| READING scroll labelled GIARI EGIFOH.
  1421 | D:2      | 1421 ||| READING scroll labelled YMMIUN HAMPUBB.
  1422 | D:2      | 1422 ||| DRINKING 2 sapphire potions.
  1460 | D:3      | Reached skill level 1 in Armour
  1460 | D:3      | Reached XP level 5. HP: 45/45 MP: 5/5
  1752 | D:3      | Found a hazy altar of Hepliaklqana.
  1752 | D:3      | Found a radiant altar of Vehumet.
  1756 | D:3      | Found a white marble altar of Elyvilon.
  1758 | D:3      | Found an opulent altar of Gozag.
  1759 | D:3      | Found an iron altar of Okawaru.
  1760 | D:3      | 1760 ||| PLANNING OKAWARU WORSHIP
  1761 | D:3      | 1761 ||| READING scroll labelled IDGHABL UDANGU.
  1762 | D:3      | 1762 ||| READING scroll labelled NAIPOA QAFYEN.
  1770 | D:3      | Became a worshipper of Warmaster Okawaru
  1771 | D:3      | 1771 ||| PLANNING D:1-11
  1988 | D:3      | Reached skill level 6 in Ranged Weapons
  2006 | D:3      | HP: 9/45 [gnoll sergeant/+3 heavy spear (6)]
  2007 | D:3      | 2007 ||| READING scroll of teleportation.
  2007 | D:3      | Slain by a gnoll sergeant

Levels and vault maps discovered:
D:1:      minmay_arrival_arboretum_small, layout_rooms,
          chequers_ecumenical_altar_simple, chequers_serial_rivers_micro_b,
          minmay_misc_feat_encased
D:2:      kennysheep_six_static_rooms, layout_basic, basic_altar, uniq_jessica
D:3:      minmay_chambers_of_twos, layout_basic, grunt_temple_overflow_open,
          minmay_lizard_king

Skill      XL: |  1  2  3  4  5 |
---------------+----------------+-----
Ranged Weapons | 3 4 5 6 |  6.0
Fighting       | 2 3 |  3.0
Armour         | 1 |  1.7
Dodging        | |  2.1
Spellcasting   | |  1.0
Hexes          | |  2.0

Action                     |  1- 3 |  4- 6 || total
---------------------------+-------+-------++-------
   Fire: Sling             |   111 |   146 ||   257
    Use: Scroll            |     1 |     5 ||     6
         Potion            |       |     1 ||     1
 Armour: Robe              |     8 |       ||     8
         Leather armour    |     4 |     4 ||     8
         Ring mail         |       |    18 ||    18
  Dodge: Dodged            |    28 |    66 ||    94

Table legend:
 A = Non-vault XP
 B = Vault XP
 C = Vault XP percentage of total XP
 D = Non-vault monster count
 E = Vault monster count
 F = Vault count percentage of total count
                 A         B        C        D         E       F
            +---------+---------+-------+---------+---------+-------
      Total |     295 |      73 |  19.8 |      79 |      18 |  18.6
            +---------+---------+-------+---------+---------+-------
        D:1 |      41 |       0 |   0.0 |      29 |       0 |   0.0
        D:2 |      88 |      60 |  40.5 |      21 |       7 |  25.0
        D:3 |     166 |      13 |   7.3 |      29 |      11 |  27.5
            +---------+---------+-------+---------+---------+-------
